AoeStats
← bluismer

MegaRandom

510249411Analyzed
4v4 RM · 2d ago on Sep 30, 2026· 17m 47s· 8 players
Game mode
Random Map
Map size
Large (8 player)
Population
200
Speed
Normal
Resources
Standard
Victory
Conquest
Starting age
Dark Age
Ending age
Imperial Age
RankedLock teamsTeams togetherTeam positionsShared explorationLock speedFull tech treeHidden civsTurbo modeCheats
Victory
Defeat
🇦🇷 Lithuanians · Argentina
652
+7
🇺🇸 Burmese · United States
633
+8
🇺🇸 Franks · United States
631
+8
🇦🇷 Dravidians · Argentina
624
+8
🇺🇸 Wei · United States
470
-8
🇻🇪 Portuguese · Venezuela
437
-8
🇺🇸 Spanish · United States
429
-8
🇨🇳 Celts · China
404
-7
Kukki1160
0:31 Loom
12:17 Feudal Age
13:35 Wheelbarrow
12:45 Town Watch
12:44 Horse Collar
15:12 Gold Mining
15:13 Stone Mining
15:16 Double-Bit Axe
ruskihitman1
14:28 Feudal Age
15:52 Wheelbarrow
bluismer
0:45 Loom
13:08 Feudal Age
おに惨
0:53 Loom
Karma_Slays
12:24 Feudal Age
isthisthingon
10:24 Feudal Age
11:54 Horse Collar
18:03 Gold Mining
Birrën
11:06 Feudal Age
16:06 Double-Bit Axe
HELLsing
10:33 Feudal Age
11:54 Wheelbarrow
12:51 Double-Bit Axe
19:21 Castle Age
Connection lost

Rejoining the realm…

Still unreachable

The connection could not be restored.

Session expired

The server has moved on; the page needs a fresh start.